[Event "Late-Titled-Tuesday-Blitz-February-20-2024"]
[Site "Chess.com"]
[Date "2024.02.20"]
[Round "11"]
[White "jk13"]
[Black "JackRodgers"]
[Result "0-1"]
[WhiteElo "2685"]
[BlackElo "2572"]
[TimeControl "180+1"]
[EndTime "16:06:06 PST"]
[Termination "JackRodgers won by resignation"]

1. e4 c5 2. c3 g6 3. d4 cxd4 4. cxd4 d5 5. e5 Bg7 6. Nc3 Nh6 7. h4 Nc6 8. h5 Bg4 9. Be2 Bxe2 10. Ngxe2 e6 11. a3 a6 12. Bf4 Qb6 13. Qd2 Nf5 14. h6 Bf8 15. Rd1 Na5 16. g4 Nc4 17. Qc2 Ne7 18. Rb1 Rc8 19. Rh3 Nc6 20. Rd3 Be7 21. Kf1 O-O 22. Kg1 Qd8 23. Rbd1 b5 24. Rf3 b4 25. axb4 Nxb4 26. Qb1 Bg5 27. Qc1 Be7 28. Kg2 Rb8 29. Ng1 Nc6 30. Nce2 Rxb2 31. Ng3 Qb6 32. Bg5 Qd8 33. Nh3 Qd7 34. Bf6 Rfb8 35. Qg5 Rc2 36.
Nh5 Rbb2 37. Bxe7 Qxe7 38. Nf6+ Kh8 39. Qf4 Nd2 40. Re3 a5 41. Ng5 Nd8 42. Nfxh7 Ne4 43.
Nxe4 dxe4 44. Nf6 Rxf2+ 45. Qxf2 Rxf2+ 46. Kxf2 a4 47. Rc3 a3 48. Rc8 e3+ 49. Kxe3 a2 50. Ra8 g5 51. Ra1 Qc7 52. Rxd8+ Qxd8 53. d5 Qb8 54. Ke4 Qb4+ 55. Kf3 Qc3+ 56. Ke4 Qxa1 57. dxe6 fxe6 58. Kf3 Qxe5 0-1

[Event "Late-Titled-Tuesday-Blitz-February-20-2024"]
[Site "Chess.com"]
[Date "2024.02.20"]
[Round "11"]
[White "boguszp"]
[Black "LUISMIGUELOV"]
[Result "0-1"]
[WhiteElo "2000"]
[BlackElo "2174"]
[TimeControl "180+1"]
[EndTime "16:06:07 PST"]
[Termination "LUISMIGUELOV won by checkmate"]

1. d4 e6 2. Nf3 d5 3. Bf4 Bd6 4. Bg3 Nf6 5. e3 Ne4 6. Bxd6 cxd6 7.
Bd3 f5 8. O-O O-O 9. Nbd2 Bd7 10. c4 Be8 11. cxd5 exd5 12. Qb3 Bf7 13. Qxb7 Nd7 14.
Rfc1 Rb8 15. Qxa7 Rxb2 16. Qc7 Nxd2 17. Nxd2 Rxd2 18. Qc3 Rxd3 19. Qxd3 Nf6 20. Rc6 Ne4 21. a4 Qa5 22. Rc2 Be8 23. Qb3 f4 24. exf4 Rxf4 25. f3 Nf6 26. Qc3 Qxc3 27. Rxc3 Rxd4 28. a5 Bb5 29. a6 Bxa6 30. Rxa6 Rd1+ 31. Kf2 Rd2+ 32.
Kg3 d4 33. Rc7 h6 34. Rxd6 Rd3 35. Rc4 Ne4+ 36. Kf4 Nxd6 37. Rc6 Nf7 38. Ke4 Rd2 39. g4 Ng5+ 40. Kf4 Rxh2 41. Kg3 Rd2 42. Rd6 Rd3 43. Rd5 Rxf3+ 44. Kg2 Rd3 45. Kf2 Kh7 46. Ke2 Re3+ 47. Kf2 Re4 48. Rd6 Rxg4 49. Ke2 Re4+ 50. Kd3 Rh4 51. Rc6 h5 52. Rc5 Rg4 53. Rd5 h4 54. Rf5 h3 55. Rf1 h2 56. Rh1 Rg2 57. Kxd4 Nf3+ 58.
Ke3 Rg1 59. Rxh2+ Nxh2 60. Kf2 Rg6 61. Ke3 Ng4+ 62. Kf4 Rf6+ 63. Kxg4 Ra6 64. Kf4 Kg6 65.
Kg4 Ra4+ 66. Kg3 Kf5 67. Kf3 Ra3+ 68. Kg2 Kf4 69. Kh1 Kg3 70. Kg1 Ra1# 0-1

[Event "Late-Titled-Tuesday-Blitz-February-20-2024"]
[Site "Chess.com"]
[Date "2024.02.20"]
[Round "11"]
[White "subham777"]
[Black "Jahonas"]
[Result "0-1"]
[WhiteElo "2560"]
[BlackElo "2350"]
[TimeControl "180+1"]
[EndTime "16:06:09 PST"]
[Termination "Jahonas won on time"]

1. e4 c6 2. c4 d5 3. exd5 cxd5 4. cxd5 Nf6 5. Nc3 Nxd5 6. Nf3 Nxc3 7. bxc3 Nc6 8. d4 e6 9. Bd3 Be7 10. Qe2 b6 11.
O-O Bb7 12. Qe4 Qd5 13. Qg4 Bf6 14. Re1 h5 15. Qg3 h4 16. Qg4 Qh5 17. Qxh5 Rxh5 18. Bf4 O-O-O 19. h3 Na5 20. Ne5 Bxe5 21. Bxe5 Rg5 22.
Be4 Bxe4 23. Rxe4 Nc4 24. Rae1 Nxe5 25. dxe5 Rd5 26. Kh2 Rc5 27. c4 Kd7 28. Rd1+ Ke7 29. f4 Rg3 30. Red4 Rc7 31. f5 exf5 32. Rxh4 Re3 33. Rd5 Ke6 34. Rh8 Rxc4 35. Rhd8 Rc7 36. R8d6+ Ke7 37. a4 g6 38. a5 bxa5 39. Ra6 Re2 40.
Rdxa5 Rcc2 41. Rxa7+ Kf8 42. Ra8+ Kg7 43. e6 Rxg2+ 44.
Kh1 Rgd2 45. Ra1 fxe6 46. h4 Rh2+ 47. Kg1 Rxh4 48. R1a7+ Kf6 49. Ra6 Re4 50. Rf8+ Kg5 51. Ra1 Ree2 52. Re8 e5 53. Re6 e4 54. Kh1 Rh2+ 55.
Kg1 Rhg2+ 56. Kh1 Kf4 57. Rf1+ Rgf2 58. Re1 g5 59. Kg1 g4 60. Kh1 g3 61. Re8 Rh2+ 62. Kg1 Rcg2+ 63. Kf1 Rh1+ 64. Kxg2 Rxe1 65. Rh8 Re2+ 66.
Kf1 Rf2+ 67. Kg1 Ra2 68. Rb8 Kf3 69. Rb1 Rg2+ 70. Kh1 Rh2+ 71. Kg1 Re2 72. Kh1 Kg4 73. Rb8 f4 74. Rg8+ Kf3 0-1

[Event "Late-Titled-Tuesday-Blitz-February-20-2024"]
[Site "Chess.com"]
[Date "2024.02.20"]
[Round "11"]
[White "Hui_Li_Macau"]
[Black "thechesscorner64"]
[Result "1-0"]
[WhiteElo "2356"]
[BlackElo "2479"]
[TimeControl "180+1"]
[EndTime "16:06:10 PST"]
[Termination "Hui_Li_Macau won by checkmate"]

1. e4 c5 2. Nf3 e6 3. d4 cxd4 4. Nxd4 a6 5. c4 d6 6. Nc3 Nf6 7. f3 Be7 8. Be3 Qc7 9. Rc1 Nbd7 10. Be2 b6 11. O-O Bb7 12. Qd2 Rc8 13. Rfd1 Qb8 14.
Bf1 h5 15. a3 h4 16. b4 O-O 17.
Nb3 h3 18. Bf4 hxg2 19. Bxg2 Ne5 20. c5 dxc5 21. bxc5 bxc5 22. Na5 Ba8 23. Qe2 Bd6 24. Rxd6 Qxd6 25. Nc4 Nxf3+ 26. Bxf3 Qd4+ 27. Be3 Qd8 28. Rd1 Qc7 29. Qf2 Rfd8 30. Rxd8+ Rxd8 31. e5 Nd5 32. Nxd5 exd5 33. Nd6 Qe7 34. Bxc5 Qxe5 35. Qg3 Qa1+ 36. Kg2 Qb2+ 37. Kh3 Qc3 38. Bf2 Qf6 39. Kg2 Qxd6 40. Qxd6 Rxd6 41. Bd4 f6 42. Kf2 Kf7 43. Ke3 Re6+ 44. Kd2 g5 45. Bh5+ Ke7 46. Bg4 Re3 47. Kxe3 Kd6 48. Kd2 Bc6 49. Bxf6 Bd7 50. Bxd7 d4 51.
Bxg5 Kd5 52. Be8 Ke4 53. Bf7 d3 54. Bg6+ Kf3 55. Bxd3 Kg2 56. Bxa6 Kxh2 57. Bd3 Kh3 58. a4 Kg4 59. a5 Kxg5 60. a6 Kf4 61. a7 Kg3 62.
a8=Q Kf2 63. Qe4 Kg1 64. Qf5 Kh1 65. Qg6 Kh2 66. Ke1 Kh3 67. Qg5 Kh2 68. Kf2 Kh3 69. Qg3# 1-0

[Event "Late-Titled-Tuesday-Blitz-February-20-2024"]
[Site "Chess.com"]
[Date "2024.02.20"]
[Round "11"]
[White "cmunda"]
[Black "egnfanclub"]
[Result "1/2-1/2"]
[WhiteElo "2166"]
[BlackElo "2396"]
[TimeControl "180+1"]
[EndTime "16:06:12 PST"]
[Termination "Game drawn - insufficient material"]

1. e4 e5 2. Nf3 Nc6 3. Nc3 Nf6 4. d4 exd4 5. Nxd4 Bb4 6. Nxc6 bxc6 7. Bd3 d5 8. exd5 cxd5 9. O-O O-O 10. Bg5 c6 11. Qf3 Be7 12. Rfe1 Be6 13. Ne2 h6 14. Bh4 Rb8 15.
b3 Bg4 16. Qe3 Bb4 17. Nd4 Qd6 18. Bg3 Qc5 19. Bxb8 Bxe1 20. Rxe1 Rxb8 21. h3 Bd7 22. c3 Re8 23. Qd2 Rxe1+ 24. Qxe1 Kf8 25. b4 Qd6 26. Nb3 Bc8 27. Qe3 Qe7 28. Qxe7+ Kxe7 29. Nc5 Nd7 30.
Nxd7 Bxd7 31. f4 Kd6 32. Kf2 c5 33. a3 Bc6 34. g3 h5 35. Ke3 g6 36. h4 Bb7 37. f5 gxf5 38. Bxf5 Ke5 39. Bc2 d4+ 40. Kd2 cxb4 41. axb4 dxc3+ 42. Kxc3 Be4 43. Bd1 Bg6 44. Kc4 f5 45. Bf3 f4 46. g4 hxg4 47. Bxg4 Ke4 48. h5 Bf7+ 49. Kc5 f3 50. h6 Bg8 51. b5 f2 52. Be2 Ke3 53. Bf1 Bh7 54. Kc6 Be4+ 55.
Kc7 Bd3 56. Bg2 Kf4 57. Kb7 Kg5 58. Kxa7 Kxh6 59. b6 Be4 60. Bf1 Kg5 61. b7 Bxb7 62. Kxb7 Kg4 63. Kc6 Kg3 64. Kd5 Kh2 65. Ke4 Kg1 66.
Bd3 f1=Q 67. Bxf1 1/2-1/2

[Event "Late-Titled-Tuesday-Blitz-February-20-2024"]
[Site "Chess.com"]
[Date "2024.02.20"]
[Round "11"]
[White "rhungaski"]
[Black "jamengrand"]
[Result "1-0"]
[WhiteElo "2609"]
[BlackElo "2380"]
[TimeControl "180+1"]
[EndTime "16:06:17 PST"]
[Termination "rhungaski won on time"]

1. e4 c5 2. Nf3 Nc6 3. d4 cxd4 4. Nxd4 g6 5. c4 Bg7 6. Be3 Nf6 7. Nc3 O-O 8. Be2 d6 9. O-O Bd7 10. h3 Nxd4 11.
Bxd4 Bc6 12. Qc2 a5 13. Rad1 Nd7 14. Bxg7 Kxg7 15. Bg4 Nc5 16. e5 Qc7 17. exd6 exd6 18. b3 Kg8 19. Qd2 Rad8 20. Qf4 Ne6 21. Qe3 Nc5 22. Rd2 Rfe8 23. Qg3 Qe7 24. Bf3 Qe5 25.
Bd5 Qxg3 26. fxg3 Re7 27. Rf6 Kg7 28. Rdf2 Be8 29. R6f3 b6 30. g4 g5 31. Kh2 h6 32. Nb5 Bxb5 33. Rxf7+ Rxf7 34. Rxf7+ Kg6 35. cxb5 Re8 36. Rc7 Re5 37. Bf7+ Kf6 38. Bh5 Re2 39. Rc6 Ke5 40. Bg6 Rxa2 41. Rxb6 Rb2 42. Rb8 Rxb3 43.
Bf5 a4 44. b6 a3 45. Ra8 Kf4 46. Bc8 d5 47. b7 Nxb7 48. Ra4+ Ke5 49. Bxb7 Rxb7 50. Rxa3 Rb4 51. Kg3 Kd4 52. Kf3 Kc4 53. Ra6 Rb3+ 54. Ke2 Rb2+ 55. Kf3 Rb3+ 56. Ke2 Kd4 57. Rxh6 Rb2+ 58. Kf3 Rb3+ 59. Kf2 Rb2+ 60. Kg3 Kd3 61. Rg6 d4 62. Rxg5 Ke4 63. Rg8 Rb5 64.
Re8+ 1-0

[Event "Late-Titled-Tuesday-Blitz-February-20-2024"]
[Site "Chess.com"]
[Date "2024.02.20"]
[Round "11"]
[White "mbojan"]
[Black "Fh2411"]
[Result "1-0"]
[WhiteElo "2898"]
[BlackElo "2628"]
[TimeControl "180+1"]
[EndTime "16:06:20 PST"]
[Termination "mbojan won by resignation"]

1. e4 c6 2. d4 d5 3. Nc3 dxe4 4. Nxe4 Nf6 5. Nxf6+ exf6 6. c3 Qe7+ 7. Be2 Be6 8.
Bf4 Nd7 9. Nf3 Nb6 10. O-O Qd7 11. Nd2 Be7 12. Re1 O-O 13. Qc2 Rfe8 14. Bg3 f5 15.
Nf3 f6 16. Bd3 g6 17. c4 Bf7 18. b3 Bb4 19. Rxe8+ Rxe8 20. Rd1 Bf8 21. h4 Bh6 22. h5 Kg7 23. hxg6 hxg6 24. Nh4 f4 25. Bxg6 fxg3 26. Bxf7 gxf2+ 27. Kxf2 Be3+ 28. Kf3 Kxf7 29. Qh7+ Ke6 30.
Qf5+ Kd6 31. c5+ Kc7 32. cxb6+ axb6 33. Qxd7+ Kxd7 34. Nf5 Bg5 35. d5 cxd5 36. Rxd5+ Ke6 37. Rb5 Rc8 38. Nd4+ Kf7 39. Rxb6 Rc3+ 40. Ke2 Rc7 41.
Nb5 Re7+ 42. Kf3 Kg6 43. Nd6 Re3+ 44. Kf2 Rc3 45. Nc4 Rc2+ 46. Kf3 Rxa2 47. Rxb7 Rc2 48. Rb6 Rc3+ 49. Ke4 Rc2 50. g4 Rg2 51. Kf3 Rg1 52. Ne5+ Kg7 53. Rb7+ Kg8 54. Nc6 Rf1+ 55. Kg2 Rf4 56.
Ne7+ Kf7 57. Nd5+ Ke6 58. Nxf4+ Bxf4 59. Kf3 Be5 60. Ke4 Kd6 61. Rb6+ Kc5 62. Re6 Bc3 63. Kf5 Kb4 64. Rxf6 1-0

[Event "Late-Titled-Tuesday-Blitz-February-20-2024"]
[Site "Chess.com"]
[Date "2024.02.20"]
[Round "11"]
[White "mirciulica14"]
[Black "JonSnowNW1"]
[Result "1-0"]
[WhiteElo "2660"]
[BlackElo "2516"]
[TimeControl "180+1"]
[EndTime "16:06:20 PST"]
[Termination "mirciulica14 won by resignation"]

1. Nf3 g6 2. g3 Bg7 3. Bg2 d5 4. O-O Nf6 5. b3 O-O 6. Bb2 c5 7. e3 Nc6 8. Ne5 Qd6 9. Nxc6 bxc6 10. f4 Nh5 11. Bxg7 Nxg7 12. Nc3 e5 13. fxe5 Qxe5 14. Qf3 Ba6 15. Qf6 Qxf6 16. Rxf6 Ne6 17. Bf1 Bc8 18.
Bh3 Kg7 19. Rf2 Ng5 20. Bxc8 Raxc8 21. Kg2 d4 22. Na4 Ne6 23. Re1 Rcd8 24. d3 h5 25. e4 Rh8 26. h4 Rhe8 27. Ref1 Re7 28. Nb2 Nf8 29. Nc4 Nd7 30. a4 Rc8 31. Kh3 Rc7 32.
g4 hxg4+ 33. Kxg4 Ne5+ 34. Nxe5 Rxe5 35. Rh1 Rh5 36. Rf4 Re7 37. Kg3 f6 38. Rhf1 Re6 39.
Rg4 Kf7 40. Kh3 f5 41. exf5 Re3+ 42. Rg3 Rxg3+ 43. Kxg3 gxf5 44. Rh1 Kf6 45. Kf4 a5 46. Rh2 Rh8 47. h5 Rg8 48. h6 Rg4+ 49. Kf3 Rg8 50. h7 Rh8 51. Kf4 Kg6 52. Rh3 Kf6 53. Rh6+ Ke7 54. Rxc6 Kd7 55. Rh6 Ke7 56. Kxf5 Kf7 57. Ke5 Kg7 58. Rh2 Rd8 59. h8=Q+ 1-0

[Event "Late-Titled-Tuesday-Blitz-February-20-2024"]
[Site "Chess.com"]
[Date "2024.02.20"]
[Round "11"]
[White "Njal28"]
[Black "Phamtrangiaphuc2009"]
[Result "1-0"]
[WhiteElo "2998"]
[BlackElo "2513"]
[TimeControl "180+1"]
[EndTime "16:06:26 PST"]
[Termination "Njal28 won by checkmate"]

1. d4 Nf6 2. c4 e6 3. Nc3 Bb4 4. e3 c5 5. a3 Bxc3+ 6. bxc3 O-O 7.
Ne2 Nc6 8. Ng3 b6 9. Be2 Na5 10. e4 Ba6 11. e5 Ne8 12. Nh5 f6 13. exf6 Nxf6 14. Bg5 Bxc4 15. Bxf6 Rxf6 16. Nxf6+ Qxf6 17. Bxc4 Nxc4 18. O-O d5 19. Qe2 Rc8 20. a4 Kf7 21. Rad1 Rc6 22. Rd3 Ke7 23. Rf3 Qg6 24. Re1 Kd7 25.
Rf8 Kc7 26. a5 Kb7 27. axb6 Rxb6 28. dxc5 Rb1 29. h3 Kc6 30. Rxb1 Qxb1+ 31. Kh2 e5 32.
Rc8+ Kb7 33. Qg4 Qb5 34. c6+ Ka6 35. c7 Qb7 36. Rd8 Qxc7 37. Rxd5 e4+ 38. g3 Nb6 39. Rd4 Qxc3 40. Qe2+ Ka5 41. Rxe4 Na4 42. Re5+ Nc5 43.
Rd5 Kb4 44. Rd8 a5 45. Rb8+ Ka3 46. Re8 Nb3 47. Re3 Qd4 48. Re4 Qd7 49. Qc4 h6 50. h4 g5 51. h5 Qd2 52. Kg2 Qb4 53. Qe6 Qb7 54. Kh2 Nc5 55. Re3+ Kb4 56. Qg4+ Kb5 57.
Qe2+ Kb6 58. Qc4 Qc6 59. Re1 a4 60. Rb1+ Kc7 61. Qf7+ Nd7 62. Rd1 a3 63. Rd3 a2 64.
Qxa2 Ne5 65. Qa5+ Kc8 66. Qxe5 Kb7 67. Rb3+ Ka6 68. Qa1+ Qa4 69. Qxa4# 1-0

[Event "Late-Titled-Tuesday-Blitz-February-20-2024"]
[Site "Chess.com"]
[Date "2024.02.20"]
[Round "11"]
[White "sansanathalia"]
[Black "martinmena"]
[Result "0-1"]
[WhiteElo "2355"]
[BlackElo "2209"]
[TimeControl "180+1"]
[EndTime "16:06:29 PST"]
[Termination "martinmena won on time"]

1. e4 c6 2. d4 d5 3. exd5 cxd5 4. c4 Nf6 5. Nc3 g6 6. cxd5 Bg7 7. Bc4 O-O 8. Nf3 Na6 9. Bf4 Nc7 10. Bxc7 Qxc7 11. Bb3 a6 12. O-O b5 13. a3 Bb7 14. Qe2 Qd6 15. Qe5 Rfd8 16. Qxd6 Rxd6 17. Rfe1 Nxd5 18. Bxd5 Bxd5 19. Nxd5 Rxd5 20. Rxe7 Bxd4 21. Nxd4 Rxd4 22. Kf1 Rad8 23. Rae1 Rd2 24. R7e2 R2d3 25. Rc2 a5 26. g3 b4 27. axb4 axb4 28. Re4 b3 29. Rce2 Rd2 30.
Rb4 Rd1+ 31. Kg2 R1d3 32. Re7 R8d5 33. Reb7 Rd2 34. Rxb3 Rc5 35. Rf3 f5 36. b4 Rcc2 37.
b5 Rb2 38. b6 Rd6 39. Rb8+ Kg7 40. Rc3 Rdxb6 41. Rc7+ Kh6 42. Rh8 g5 43. Rhxh7+ Kg6 44. Rhg7+ Kf6 45. h4 gxh4 46. gxh4 R6b4 47. h5 Rh4 48. Rg6+ Ke5 49. h6 Rf4 50. h7 Rfxf2+ 51. Kg3 Rg2+ 52. Kf3 Rbf2+ 53. Ke3 f4+ 54. Kd3 Rd2+ 55.
Kc3 Rc2+ 56. Kb4 Rb2+ 57. Ka3 Ra2+ 58. Kb3 Rab2+ 59. Ka4 Ra2+ 60. Kb5 Rgb2+ 61. Kc6 Rc2+ 62. Kb7 Rcb2+ 63. Kc8 Ra8+ 64. Kd7 Rd2+ 65. Ke7 Rh2 0-1

[Event "Late-Titled-Tuesday-Blitz-February-20-2024"]
[Site "Chess.com"]
[Date "2024.02.20"]
[Round "11"]
[White "aghasiyevkamal"]
[Black "ATM622"]
[Result "1/2-1/2"]
[WhiteElo "2628"]
[BlackElo "2511"]
[TimeControl "180+1"]
[EndTime "16:06:33 PST"]
[Termination "Game drawn - insufficient material"]

1. d4 Nf6 2. c4 e6 3. Nf3 d5 4. Nc3 Be7 5. Bg5 O-O 6. e3 h6 7.
Bf4 dxc4 8. Bxc4 c5 9. O-O Nc6 10. dxc5 Bxc5 11. Qe2 a6 12. Rfd1 Qa5 13. a3 Be7 14. b4 Qh5 15. Ne5 Qxe2 16. Bxe2 Nxe5 17. Bxe5 Bd7 18. Bf3 Bc6 19. Bxc6 bxc6 20. Ne2 c5 21. Bd6 Bxd6 22. Rxd6 Ne4 23. Rb6 Rfb8 24. Rxb8+ Rxb8 25. f3 Nd6 26. bxc5 Nc4 27. e4 Rc8 28. a4 Rxc5 29.
Rc1 Kf8 30. Nd4 Ke7 31. Kf2 g6 32. h4 e5 33. Nb3 Rc6 34. Nd2 Na5 35. Rxc6 Nxc6 36.
Ke3 Nd4 37. Kd3 Kd6 38. Kc4 Kc6 39. Nf1 Ne2 40. Ne3 h5 41. g4 Nf4 42. gxh5 Nxh5 43. Ng4 Kd6 44. Kb4 f5 45. Ne3 fxe4 46. fxe4 Nf6 47.
Nc4+ Ke6 48. Nd2 Nd7 49. Nb3 Kd6 50. Ka5 Nf6 51. Nd2 Kc5 52. Kxa6 Kb4 53. a5 Nd7 54. Nf3 Ka4 55. Kb7 Kxa5 56. Kc6 Nf6 57. Nd2 Kb4 58.
Kd6 Kc3 59. Kxe5 Nh5 60. Nf3 Kd3 61. Ng5 Ke3 62. Ke6 Kf4 63. Kf7 Kg4 64. e5 Nf4 65. e6 Nxe6 66. Nxe6 Kxh4 67. Kxg6 1/2-1/2

[Event "Late-Titled-Tuesday-Blitz-February-20-2024"]
[Site "Chess.com"]
[Date "2024.02.20"]
[Round "11"]
[White "LiemLe"]
[Black "MagnusCarlsen"]
[Result "1-0"]
[WhiteElo "3053"]
[BlackElo "3317"]
[TimeControl "180+1"]
[EndTime "16:06:37 PST"]
[Termination "LiemLe won on time"]

1. Nf3 d6 2. d4 Bg4 3. e4 e6 4. h3 Bh5 5. Nc3 Nf6 6. Qe2 Nc6 7. g4 Bg6 8. d5 Nb8 9. e5 dxe5 10. dxe6 Nc6 11.
Bg2 Bd6 12. exf7+ Bxf7 13. Be3 O-O 14. O-O-O Qe7 15. Rhe1 Rae8 16. Qb5 a6 17. Qa4 b5 18.
Qxa6 Nb4 19. Qxb5 Rb8 20. Qe2 Nxa2+ 21. Nxa2 Bxa2 22. Bd4 e4 23. Nd2 c5 24. Bc3 Nd5 25. Ba5 Be5 26. Nc4 Bxc4 27. Qxc4 Bxb2+ 28. Kd2 Rxf2+ 29. Re2 Qg5+ 30. Ke1 Rxe2+ 31. Kxe2 Bd4 32. Bd2 Qe5 33.
c3 Kh8 34. cxd4 cxd4 35. Rf1 d3+ 36. Kf2 e3+ 37. Kg1 e2 38. Re1 Ne3 39. Qxd3 Nxg2 40. Kxg2 Re8 41. Qf3 h6 42. Bc3 Qe7 43. Qf4 Kg8 44.
Qd4 Kh7 45. Qd3+ Kh8 46. Qf3 Kg8 47. Bd4 Kh8 48. Bf2 Kg8 49. Qb3+ Kh8 50. Qd5 Rf8 51.
Qd3 Re8 52. Rb1 Qf7 53. Qf3 Qe6 54. Be1 Kg8 55. Ra1 Rf8 56. Ra8 Rxa8 57. Qxa8+ Kh7 58. Qf3 h5 59. gxh5 Kh6 60. Bd2+ Kh7 61. Kf2 Qe5 62. Qxe2 Qh2+ 63. Ke3 Qxh3+ 64. Qf3 Qe6+ 65. Qe4+ 1-0

[Event "Late-Titled-Tuesday-Blitz-February-20-2024"]
[Site "Chess.com"]
[Date "2024.02.20"]
[Round "11"]
[White "ansko1999"]
[Black "KetiTsatsalashvili"]
[Result "1-0"]
[WhiteElo "2642"]
[BlackElo "2445"]
[TimeControl "180+1"]
[EndTime "16:06:46 PST"]
[Termination "ansko1999 won on time"]

1. b4 Nf6 2. Bb2 e6 3. a3 Be7 4. c4 O-O 5. d4 d5 6. c5 Ne4 7.
e3 f5 8. Bd3 Bd7 9. Nf3 Be8 10.
Ne5 Nd7 11. f3 Bh4+ 12. g3 Nxg3 13. hxg3 Bxg3+ 14. Ke2 h5 15. Bc3 a5 16. Nxd7 Qxd7 17.
Be1 f4 18. b5 Qf7 19. Nd2 Bxe1 20. Qxe1 fxe3 21. Kxe3 Qf4+ 22. Ke2 Qxd4 23. Qg3 e5 24. Rag1 e4 25. fxe4 dxe4 26. Nxe4 Bxb5 27. Qxg7+ Qxg7 28. Rxg7+ Kxg7 29. Bxb5 c6 30. Bc4 Rh8 31. Ng5 Kf6 32. Nf7 Rh7 33. Rf1+ Kg7 34. Ng5 Re8+ 35. Kd3 Rh6 36.
Rf7+ Kg6 37. Ne4 Rd8+ 38. Ke3 Rh7 39. Rf6+ Kg7 40. Re6 Rh6 41. Re7+ Kh8 42. Ng5 Rf8 43.
Nf7+ Rxf7 44. Rxf7 h4 45. Rf2 h3 46. Rh2 Rh5 47. Kd4 Rh4+ 48. Kc3 Kg7 49. Bf1 Rh5 50. Kd4 Rh4+ 51. Ke5 Rh5+ 52. Kd4 Rh4+ 53. Kd3 Rh5 54. Kc4 Rh4+ 55. Kb3 a4+ 56. Kc3 Rh5 57. Kb4 Rh4+ 58.
Ka5 Rh5 59. Kb6 Rf5 60. Bxh3 Rh5 61. Rg2+ Kf6 62. Bc8 Ke5 63. Bxb7 Kd4 64. Rg4+ Kc3 65. Rxa4 Kb3 66. Ra6 Kc4 67. Ra4+ Kb3 68. Ra5 Kc4 69. Bxc6 Rh6 70. Ra4+ Kb3 71. Rb4+ Kxa3 72. Rb5 Ka4 73. Rb1+ Ka3 74. Kb5 Rg6 75. Bb7 Rg5 76. Kb6 Ka2 77. Rb5 Ka3 78. c6 1-0

[Event "Late-Titled-Tuesday-Blitz-February-20-2024"]
[Site "Chess.com"]
[Date "2024.02.20"]
[Round "11"]
[White "FairChess_on_YouTube"]
[Black "Hrant_ChessMood"]
[Result "1-0"]
[WhiteElo "3074"]
[BlackElo "3008"]
[TimeControl "180+1"]
[EndTime "16:06:54 PST"]
[Termination "FairChess_on_YouTube won on time"]

1. Nf3 c5 2. g3 Nc6 3. Bg2 e5 4. c4 Nf6 5. Nc3 g6 6. d3 Bg7 7. Bg5 d6 8. Nd2 h6 9. Bxf6 Bxf6 10. Nde4 Bg7 11. Nb5 Bf8 12. O-O Be7 13. Qd2 f5 14. Nec3 a6 15. Na3 Kf7 16. Nd5 Kg7 17. Rab1 Be6 18. Nc2 a5 19. a3 a4 20. b4 axb3 21.
Rxb3 Ra7 22. Rfb1 Bc8 23. Nb6 Be6 24. Qc1 h5 25. Bd5 Bxd5 26. Nxd5 Na5 27. Rb5 h4 28.
Qe3 hxg3 29. hxg3 Bg5 30. Qf3 Qd7 31. Ne1 Bd8 32. Qg2 Kf8 33. Nf3 Qh7 34. Nd2 Nc6 35. e3 Qd7 36. R5b3 Rh7 37. Nc3 Na5 38. R3b2 g5 39. Qd5 g4 40. e4 f4 41. gxf4 exf4 42.
e5 dxe5 43. Qxe5 f3 44. Qxc5+ Qe7 45. Nde4 Nc6 46. Nd5 Qxc5 47. Nxc5 Nd4 48. Re1 Rxa3 49. Rbb1 Ne2+ 50. Rxe2 fxe2 51. Ne6+ Ke8 52. Nef4 Bg5 53. Re1 Kf8 54. Ne6+ Kg8 55. Nxg5 Rh6 56. Rxe2 Rxd3 57.
Re8+ Kg7 58. Ne4 Rd4 59. Ng3 Rxc4 60. Nf5+ Kf7 61. Re7+ Kg6 62. Nxh6 Kxh6 63. Rxb7 Kg5 64. Kg2 Rd4 65. Rb5 Kh4 66. Ne3 Rf4 67. Nf5+ Kg5 68.
Ng3+ Kg6 69. Re5 Rf8 70. Re4 Kg5 71. Ra4 Kh4 72. Nf1 Rg8 73. Ne3 Rg7 74. Nf5+ 1-0

[Event "Late-Titled-Tuesday-Blitz-February-20-2024"]
[Site "Chess.com"]
[Date "2024.02.20"]
[Round "11"]
[White "Fonsofan"]
[Black "Fandorine"]
[Result "0-1"]
[WhiteElo "2692"]
[BlackElo "2913"]
[TimeControl "180+1"]
[EndTime "16:06:55 PST"]
[Termination "Fandorine won on time"]

1. e4 c5 2. Nf3 d6 3. g3 g6 4. Bg2 Bg7 5. c3 Nf6 6. Qe2 O-O 7. O-O Nc6 8. h3 e5 9. Na3 h6 10. d3 a5 11. Nb5 a4 12. Nd2 Be6 13. Nc4 d5 14.
exd5 Bxd5 15. Re1 Bxg2 16. Kxg2 Re8 17. Qf3 Re6 18. Be3 Qxd3 19. b3 e4 20. Qe2 Qxe2 21. Rxe2 axb3 22. Bxc5 Nd5 23. Bd4 Ra4 24. Bxg7 Kxg7 25.
Nca3 Nxc3 26. Rb2 Nxb5 27. Nxb5 Rxa2 28. Raxa2 bxa2 29. Rxa2 e3 30. fxe3 Rxe3 31. Rb2 Rd3 32. Nc7 Ne5 33. Rxb7 Rd2+ 34. Kf1 Rd7 35. Ne8+ Kf8 36.
Rxd7 Nxd7 37. Nd6 Ke7 38. Nc4 Ke6 39. Ke2 Kd5 40. Ne3+ Ke4 41. Ng4 h5 42. Nf2+ Kd4 43. Kf3 Ne5+ 44. Ke2 f5 45. h4 Nd7 46. Nh3 Ke4 47.
Kf2 Ne5 48. Kg2 Nd3 49. Ng5+ Ke3 50. Ne6 f4 51. Ng5 Ne1+ 52. Kf1 Nf3 53. Ne6 fxg3 54. Kg2 Nxh4+ 55. Kxg3 Nf5+ 56. Kh3 Kf3 57. Ng5+ Kf4 58. Ne6+ Ke5 59. Ng5 Kf6 60. Ne4+ Kg7 61. Kg2 Kh6 62. Kh3 g5 63. Nf2 Kg6 64. Kg2 Ne3+ 65. Kf3 Nc4 66. Ke4 Nd6+ 67. Ke5 Nf7+ 68. Ke4 Nh6 69. Nd3 h4 70.
Ne5+ Kh5 71. Nd7 h3 72. Kf3 Kh4 73. Ne5 g4+ 74. Kf2 Nf5 75. Ng6+ Kg5 76. Ne5 Nd4 77. Kg3 Nf5+ 78. Kf2 Kf4 79. Ng6+ Ke4 80. Kf1 g3 81. Kg1 Nd4 0-1

[Event "Late-Titled-Tuesday-Blitz-February-20-2024"]
[Site "Chess.com"]
[Date "2024.02.20"]
[Round "11"]
[White "alexrustemov"]
[Black "DeArron_Fox"]
[Result "1/2-1/2"]
[WhiteElo "2838"]
[BlackElo "2522"]
[TimeControl "180+1"]
[EndTime "16:06:56 PST"]
[Termination "Game drawn by repetition"]

1. d4 d5 2. c4 e6 3. Nc3 Nf6 4. Nf3 Be7 5. Bg5 O-O 6. e3 h6 7.
Bxf6 Bxf6 8. Rc1 a6 9. Qc2 c5 10. dxc5 dxc4 11. Bxc4 Qa5 12. O-O Qxc5 13. Ne4 Qe7 14.
Rfd1 Bd7 15. Bd3 Bc6 16. Nc5 Bxf3 17. gxf3 Nc6 18. Be4 Rad8 19. Nxb7 Qxb7 20. Bxc6 Qxb2 21. Qxb2 Bxb2 22. Rb1 Rxd1+ 23. Rxd1 a5 24. f4 Rc8 25. Rd2 Bc3 26. Bb7 Bxd2 27. Bxc8 Kf8 28. h4 Ke7 29. h5 Bc3 30. Kg2 Kd6 31. Kf3 f6 32. Kg4 f5+ 33. Kf3 Ke7 34. Ke2 Kf6 35. Kd3 Be1 36. f3 e5 37. fxe5+ Kxe5 38. f4+ Kf6 39.
Ke2 Bb4 40. Kf3 g6 41. hxg6 Kxg6 42. Bd7 Kf6 43. Be8 Bd2 44. a4 Bb4 45. Bh5 Bc3 46. Ke2 Bb4 47. Kd3 Be1 48. Be2 Bf2 49. Bd1 Be1 50.
Ke2 Bb4 51. Kf3 Bc3 52. Bc2 Bb4 53. Kg3 Bd2 54. Kf3 Bb4 55. Bd3 Bc3 56. Bb5 Bb4 57. Be8 Bc3 58. Bd7 Bb4 59. e4 fxe4+ 60. Kxe4 Bc3 61. Be8 Bb4 62. Bh5 Bc3 63. Bd1 Bb4 64. Bc2 Bc3 65. Kf3 Bb4 66. Kg4 Bc3 67. Kh5 Bd2 68. Kg4 h5+ 69. Kf3 h4 70. Bd3 h3 71. f5 h2 72. Kg2 Bf4 73. Kh1 Bc7 74. Bc2 Kg5 75. Kg2 Kf6 76. Kh1 Kg5 77. Kg2 Be5 78.
Bd3 Kf4 79. Kh1 Ke3 80. Bc2 Kd4 81. Bb3 Kc3 82. Be6 Kb4 83. Bd7 Kc5 84. Kg2 Kd6 85. Bb5 Ke7 86. Kh1 Kf6 87. Bd3 Bd6 88. Kg2 Bc7 89. Bc2 Bb8 90. Kh1 Bc7 91. Kg2 Bb8 92. Kh1 Bd6 93. Kg2 Bg3 94. Be4 Bb8 95. Bc2 Bc7 96. Bd3 Bd6 97. Be4 Bc7 98. Bc2 1/2-1/2

[Event "Late-Titled-Tuesday-Blitz-February-20-2024"]
[Site "Chess.com"]
[Date "2024.02.20"]
[Round "11"]
[White "jefferyx"]
[Black "Angry_Twin"]
[Result "1-0"]
[WhiteElo "3053"]
[BlackElo "2976"]
[TimeControl "180+1"]
[EndTime "16:07:02 PST"]
[Termination "jefferyx won by checkmate"]

1. b4 e5 2. Bb2 Bxb4 3. Bxe5 Nf6 4. e3 O-O 5. c3 Be7 6. d4 d6 7. Bxf6 Bxf6 8. g3 d5 9. Bg2 c6 10. Ne2 Re8 11. Nd2 Bf5 12. O-O Bd3 13. Re1 Nd7 14.
Qb3 Nb6 15. Nf4 Ba6 16. Bf1 Bxf1 17. Kxf1 Rc8 18. a4 Rc7 19. Rac1 Rce7 20. Nd3 Nc8 21. c4 Qa5 22. Red1 dxc4 23. Nxc4 Qh5 24. Kg1 Qf5 25.
a5 h5 26. Nc5 h4 27. e4 Qh5 28. e5 Bg5 29. f4 Bh6 30. Nd2 b6 31. Nce4 Rd7 32.
Qf3 Qxf3 33. Nxf3 hxg3 34. hxg3 Ne7 35. axb6 axb6 36. Kf2 Red8 37. Rb1 c5 38. Rxb6 cxd4 39.
Rb3 Nf5 40. Rdd3 Ne3 41. Rb4 Nd5 42. Rbxd4 Nxf4 43. gxf4 Rxd4 44. Rxd4 Rxd4 45. Nxd4 Bxf4 46. Nc6 Kf8 47. Nc5 Bxe5 48. Nxe5 f5 49. Ne6+ Ke7 50.
Ng5 Kf6 51. Nef3 f4 52. Ke2 Kf5 53. Kd3 Kf6 54. Ke4 g6 55. Kxf4 Ke7 56. Ke5 Kd7 57.
Nd4 Kc7 58. Kd5 Kb6 59. Kd6 Ka5 60. Kc5 Ka4 61. Kc4 Ka5 62. Kb3 Kb6 63. Kb4 Ka6 64.
Nc6 Kb6 65. Ne5 Ka6 66. Nc4 Kb7 67. Kc5 Kc7 68. Nb6 Kb7 69. Nd5 Ka6 70. Kb4 Ka7 71.
Ka5 Kb7 72. Kb5 Ka7 73. Nc7 Kb7 74. Nce6 Kb8 75. Kc6 Kc8 76. Nf7 g5 77. Nd6+ Kb8 78. Kb6 g4 79. Nc5 g3 80. Nd7+ Ka8 81. Ne8 g2 82.
Nc7# 1-0